 Dungeon Crawl Stone Soup version 0.31-a0-618-g7ca08c1ff9 (webtiles) character file.

Game seed: 10672332873716864460

1422 RepHenryClay the Basher (level 8, -2/64 HPs)
             Began as a Minotaur Delver on Aug 22, 2023.
             Was an Initiate of Okawaru.
             Slain by a gnoll
             ... wielding a +0 spear
             ... led by a gnoll bouda
              (3 damage)
             ... on level 6 of the Dungeon.
             The game lasted 00:08:43 (3944 turns).

RepHenryClay the Basher (Minotaur Delver)           Turns: 3944, Time: 00:08:44

Health: -2/64      AC: 18    Str: 24    XL:     8   Next: 44%
Magic:  8/8        EV:  8    Int:  7    God:    Okawaru [......]
Gold:   308        SH:  0    Dex: 11    Spells: 7/7 levels left

rFire   . . .        h - +4 quarterstaff (drain)
rCold   . . .        (shield currently unavailable)
rNeg    + . .        s - +2 plate armour "Momm" {+Inv rN+ Dex-2}
rPois   .            (helmet restricted)
rElec   .            m - +0 cloak
rCorr   .            p - +0 pair of gloves
SInv    .            (no boots)
Will    .....        (no amulet) Stlth
                     k - +6 ring of strength
HPRegen 0.30/turn    (no ring)
MPRegen 0.11/turn

%: no passive effects
@: lethally poisoned (-2 -> -19)
A: horns 2, retaliatory headbutt
a: Renounce Religion, Evoke Invisibility


You were on level 6 of the Dungeon.
You worshipped Okawaru.
Okawaru was noncommittal.
You visited 1 branch of the dungeon, and saw 6 of its levels.

You collected 308 gold pieces.

Inventory:

Hand Weapons
 h - a +4 quarterstaff of draining (weapon)
 n - a -2 eveningstar
Armour
 b - a +0 chain mail
 m - a +0 cloak (worn)
 p - a +0 pair of gloves (worn)
 s - the +2 plate armour "Momm" (worn) {+Inv rN+ Dex-2}
   (You acquired it on level 3 of the Dungeon)

   Dex-2:     It affects your dexterity (-2).
   rN+:       It protects you from negative energy.
   +Inv:      It lets you turn invisible.
Jewellery
 k - a +6 ring of strength (left hand)
Wands
 g - a wand of digging (3)
 l - a wand of paralysis (7)
Scrolls
 a - a scroll of teleportation {unknown}
 c - 2 scrolls of fog
 d - a scroll of revelation
 q - 2 scrolls of identify {@r1}
 t - 2 scrolls of enchant armour
Potions
 e - a potion of cancellation
 f - a potion of haste
 i - 4 potions of lignification
 j - a potion of heal wounds
 o - a potion of brilliance


   Skills:
 - Level 3.6 Fighting
 - Level 8.8 Maces & Flails
 - Level 8.4 Armour
 - Level 2.1 Dodging
 - Level 4.1 Stealth
 + Level 2.4 Invocations


You had 7 spell levels left.
You didn't know any spells.
Your spell library contained the following spells:

 Spells                   Type           Power      Damage    Failure   Level
 Poisonous Vapours        Pois/Air       0%         N/A       100%        2
 Static Discharge         Conj/Air       0%         2-2/arc   100%        2
 Mephitic Cloud           Conj/Pois/Air  0%         N/A       100%        3
 Airstrike                Air            0%         2d(0-16)  100%        4
 Freezing Cloud           Conj/Ice/Air   0%         6-21      100%        5
 Summon Lightning Spire   Summ/Air       Unusable   N/A       N/A         4

Dungeon Overview and Level Annotations

Branches:
Dungeon (6/15)
 Temple: D:4-7

Altars:
Okawaru
Uskayaw

Annotations:
D:2 1 runed translucent door, Crazy Yiuf
D:3 Ijyb
D:4 3 runed translucent doors, soul19's ghost, amateur GnBr


Innate Abilities, Weirdness & Mutations

You have a pair of horns on your head.
You reflexively headbutt those who attack you in melee.


Message History

Damage: -8%(-5hp) hp: 58%(37hp)
You are too injured to fight recklessly!
You are too injured to fight recklessly!
You feel very sick.
The gnoll hits you but does no damage. x2
You are more poisoned.
Damage: -6%(-4hp) hp: 52%(33hp)
You feel very sick.
Damage: -5%(-3hp) hp: 47%(30hp)
Okay, then.
You feel very sick.
Damage: -4%(-3hp) hp: 43%(27hp)
You feel sick.
Damage: -3%(-2hp) hp: 40%(25hp)
You feel sick.
Damage: -2%(-1hp) hp: 38%(24hp)
You feel sick.
The gnoll is no longer moving quickly.
The gnoll hits you but does no damage.
You are more poisoned.
Damage: -3%(-2hp) hp: 35%(22hp)
You feel very sick.
The gnoll hits you with a +1 spear of venom.
* * * LOW HITPOINT WARNING * * *
You are lethally poisoned!
The gnoll sergeant hits you from afar with a +0 spear.
* * * LOW HITPOINT WARNING * * *
Huge Dmg: -14%(-9hp) hp: 21%(13hp)
* * * LOW HITPOINT WARNING * * *
You feel very sick.
The gnoll hits you from afar with a +1 spear of venom.
* * * LOW HITPOINT WARNING * * *
You are more poisoned.
The gnoll sergeant attacks as it pursues you!
The gnoll sergeant misses you.
Huge Dmg: -13%(-8hp) hp: 8%(5hp)
* * * LOW HITPOINT WARNING * * *
You feel very sick. The gnoll attacks as it pursues you!
The gnoll hits you from afar with a +0 spear.
You die...

.......#.##..#########)....>..
.........##....##.gJ>)).##....
.......##.........###.### ..
>.........##.##..###..#
.......#####.###.J#..##
.......# #......gg..# .......#
#.....g....# #..#.####
##.........# #.##....#
#...#@#####
..#####.#######...### #.#
##...[.<..##....#
#..#..........#..##.....
#...#...##...#.### #####
##...#..##..#..###
###)..#....#.....#
.##....#..#....#.....
.##.##..##..##.######


You could see a gnoll sergeant (very drained), a jelly and 2 gnolls.

Vanquished Creatures
  Sigmund (D:2)
  A water moccasin (D:5)
  An ogre (D:5)
  A bullfrog (D:3)
  8 scorpions
  2 hounds
  A gnoll bouda (D:6)
  2 orc priests (D:5)
  A jelly (D:5)
  A sleepcap (D:5)
  2 iguanas (D:4)
  3 orc wizards
  5 gnolls (D:6)
  6 adders
  An ufetubus (D:5)
  3 worms
  4 dart slugs
  13 orcs
  5 ball pythons
  7 bats
  6 endoplasms
  2 giant cockroaches (D:1)
  9 goblins
  6 hobgoblins
  2 quokkas
  3 frilled lizards
  10 kobolds
  6 rats
112 creatures vanquished.

Notes
Turn   | Place    | Note
-------+----------+-------------------------------------------
     0 | D:5      | RepHenryClay the Minotaur Delver began the quest for the
                  | Orb.
     0 | D:5      | Reached XP level 1. HP: 19/19 MP: 0/0
     6 | D:4      | Noticed an iguana
    18 | D:4      | Killed an iguana
    19 | D:4      | Reached XP level 2. HP: 2/26 MP: 1/1
   154 | D:4      | Reached XP level 3. HP: 24/31 MP: 2/2
   410 | D:4      | Reached XP level 4. HP: 39/39 MP: 3/3
   487 | D:3      | Noticed a bullfrog
   493 | D:3      | Killed a bullfrog
   494 | D:3      | Reached XP level 5. HP: 40/45 MP: 4/4
   604 | D:1      | Reached skill level 5 in Maces & Flails
  1450 | D:2      | Noticed Sigmund
  1506 | D:2      | Killed Sigmund
  1507 | D:2      | Reached skill level 5 in Armour
  1507 | D:2      | Reached XP level 6. HP: 38/51 MP: 5/5
  1695 | D:2      | Found a runed translucent door.
  1696 | D:2      | Noticed Crazy Yiuf
  2193 | D:3      | Noticed Ijyb
  2363 | D:3      | Identified a scroll of acquirement
  2363 | D:3      | Acquired the +2 plate armour "Momm" {+Inv rN+ Dex-2}
  2521 | D:4      | Found a runed translucent gate.
  2521 | D:4      | Found a runed translucent gate.
  2521 | D:4      | Found a runed translucent gate.
  2521 | D:4      | Noticed soul19's ghost (amateur GnBr)
  2822 | D:5      | Noticed a water moccasin
  2828 | D:5      | Killed a water moccasin
  2829 | D:5      | Reached XP level 7. HP: 56/57 MP: 6/6
  3425 | D:5      | Reached XP level 8. HP: 38/64 MP: 7/7
  3694 | D:5      | Found a hide-covered altar of Uskayaw.
  3778 | D:5      | Found an iron altar of Okawaru.
  3782 | D:5      | Became a worshipper of Warmaster Okawaru
  3857 | D:6      | Reached skill level 1 in Invocations
  3944 | D:6      | HP: 1/64 [poisoned by a gnoll]
  3944 | D:6      | Slain by a gnoll

Illustrated notes

Levels and vault maps discovered:
D:1:      saegor_arrival_simple_e, layout_basic, serial_aquarium,
          aquarium_bridge_square [aquarium_subvault_bridge,
          aquarium_subvault_bridge, aquarium_subvault_balcony,
          aquarium_subvault_wall], aquarium_window_1, aquarium_window_fake,
          aquarium_window_corner, aquarium_window_corridor_1, aquarium_view_2c,
          aquarium_view_2f, aquarium_balcony_3b, aquarium_pool_four,
          nrook_mini_backslash, minmay_crystal_room
D:2:      layout_rooms, uniq_crazy_yiuf_cottage, uniq_sigmund
D:3:      kennysheep_the_goblin_king, layout_rooms
D:4:      layout_loops_ring, gammafunk_ghost_nasty_kobolds,
          kennysheep_minor_cross
D:5:      old_forge, layout_basic, mainiacjoe_overflow_swirl
D:6:      layout_rooms, minmay_temple_entry_arrows, minivault_26

Skill      XL: |  1  2  3  4  5  6  7  8 |
---------------+-------------------------+-----
Maces & Flails | 3 4 6 8 |  8.8
Armour         | 2 3 4 5 6 7 8 |  8.4
Invocations    | 2 |  2.4
Fighting       | |  3.6
Dodging        | |  2.1
Stealth        | |  4.1

Action                     |  1- 3 |  4- 6 |  7- 9 || total
---------------------------+-------+-------+-------++-------
  Melee: Quarterstaff      |    27 |    97 |    96 ||   220
         Headbutt          |     4 |     9 |    16 ||    29
  Evoke: Wand              |       |       |     1 ||     1
    Use: Potion            |       |     3 |       ||     3
         Scroll            |       |    12 |       ||    12
   Stab: Sleeping          |     3 |     2 |       ||     5
         Paralysed         |       |       |     1 ||     1
 Armour: Leather armour    |     4 |     3 |       ||     7
         Skin              |       |     5 |       ||     5
         Scale mail        |       |     6 |       ||     6
         Chain mail        |       |    21 |       ||    21
         Plate armour      |       |     6 |    80 ||    86
  Dodge: Dodged            |    12 |    46 |    32 ||    90

Table legend: (Time is in decaauts)
 A = Elapsed time spent in this place.
 B = Non-inter-level travel time spent in this place.
 C = Inter-level travel time spent in this place.
 D = Time resting spent in this place.
 E = Time spent auto-exploring this place.
 F = Levels seen in this place.
 G = Mean time per level.
                   A        B        C        D        E       F      G
               +--------+--------+--------+--------+--------+-----+--------+
         Total |   3968 |   3781 |    187 |    436 |   2598 |   6 |  661.3 |
       Dungeon |   3968 |   3781 |    187 |    436 |   2598 |   6 |  661.3 |
               +--------+--------+--------+--------+--------+-----+--------+

Top non-repeatable levels by time:
     D:5: 1043 daAuts
     D:4: 909 daAuts
     D:1: 754 daAuts
     D:2: 751 daAuts
     D:3: 370 daAuts
     D:6: 137 daAuts
